AoeStats
← Psychedelonaut

African Clearing

511118187Analyzed
4v4 RM · 5h ago on Oct 3, 2026· 26m 58s· 8 players
Game mode
Random Map
Map size
Large (8 player)
Population
200
Speed
Normal
Resources
Standard
Victory
Conquest
Starting age
Dark Age
Ending age
Imperial Age
RankedLock teamsTeams togetherTeam positionsShared explorationLock speedFull tech treeHidden civsTurbo modeCheats
Victory
Defeat
🇧🇷 Italians · Brazil
1239
+14
🇨🇱 Berbers · Chile
1232
+14
🇦🇹 Varangians · Austria
1214
+15
🇫🇷 Ethiopians · France
1178
+16
🇪🇸 Huns · Spain
1217
-16
🇲🇽 Vikings · Mexico
1207
-16
1171
-14
🇺🇸 Hindustanis · United States
1147
-13
ClankyDolphin92
14:44 Feudal Age
14:46 Loom
20:23 Castle Age
20:02 Double-Bit Axe
23:31 Wheelbarrow
24:21 Bow Saw
24:16 Gold Mining
25:18 Scale Mail Armor
JM-POL
6:02 Loom
13:18 Feudal Age
17:15 Castle Age
15:24 Double-Bit Axe
16:06 Horse Collar
18:16 Bow Saw
18:24 Heavy Plow
20:39 Squires
20:24 Arson
20:41 Scale Mail Armor
20:52 Forging
21:05 Man-at-Arms
23:52 Stone Mining
23:38 Long Swordsman
El Boss
13:57 Loom
15:43 Feudal Age
16:55 Double-Bit Axe
17:04 Gold Mining
20:09 Castle Age
18:27 Stone Mining
18:22 Horse Collar
21:51 Bow Saw
21:43 Heavy Plow
24:55 Fletching
Si me criticas te fedeo
3:19 Loom
13:31 Feudal Age
14:46 Double-Bit Axe
15:53 Town Watch
20:32 Castle Age
19:13 Stone Mining
22:00 Fletching
Dua Loopa [TsO]
2:44 Loom
13:42 Feudal Age
16:02 Double-Bit Axe
20:22 Castle Age
18:53 Horse Collar
22:09 Bow Saw
SeppShover
3:54 Loom
14:15 Feudal Age
18:26 Castle Age
16:54 Double-Bit Axe
18:04 Horse Collar
19:45 Bow Saw
26:21 Forging
K
4:31 Loom
15:02 Feudal Age
16:22 Double-Bit Axe
20:38 Castle Age
20:05 Fletching
Psychedelonaut
11:52 Loom
14:07 Feudal Age
18:40 Castle Age
17:17 Double-Bit Axe
18:43 Crossbowman
19:15 Fletching
Connection lost

Rejoining the realm…

Still unreachable

The connection could not be restored.

Session expired

The server has moved on; the page needs a fresh start.